 Dungeon Crawl Stone Soup version 0.15-a0-1579-gd26fec2 (console) character file.

1613 Money the Spear-Bearer (level 8, -5/62 HPs)
             Began as a Merfolk Fighter on June 19, 2014.
             Was a Priest of Cheibriados.
             Slain by Menkaure (21 damage)
             ... on Level 7 of the Dungeon.
             The game lasted 00:14:02 (2409 turns).

Money the Spear-Bearer (Merfolk Fighter)            Turns: 2409, Time: 00:14:02

HP  -5/62        AC  9     Str 25      XL: 8   Next: 95%
MP  16/18        EV 11     Int 15      God: Cheibriados [***...]
Gold 241         SH 10     Dex 20      Spells:  0 memorised,  7 levels left

rFire  . . .     SeeInvis .     a - +0 trident
rCold  . . .     Clarity  .     e - +3 ring mail
rNeg   . . .     rCorr    .     c - +0 shield (curse)
rPois  .         rRot     .     (no helmet)
rElec  .         Spirit   .     j - +0 cloak (curse)
SustAb +         Warding  .     (no gloves)
rMut   .         Stasis   .     (no boots)
Gourm  .                        (no amulet)
MR     .....                    (no ring)
                                p - ring of sustain abilities

@: very slow, not resistant to hostile enchantments, very unstealthy
A: change form in water, swift swim
a: Bend Time, Temporal Distortion, Renounce Religion


You were on level 7 of the Dungeon.
You worshipped Cheibriados.
Cheibriados was most pleased with you.
You were not hungry.

You visited 1 branch of the dungeon, and saw 7 of its levels.
You also visited: Sewer and Ossuary.

You collected 241 gold pieces.

Inventory:

Hand weapons
 a - a +0 trident (weapon)
Missiles
 B - a javelin (quivered)
Armour
 c - a cursed +0 shield (worn)
 e - a +3 ring mail (worn)
 j - a cursed +0 cloak (worn)
 s - a +1 chain mail of fire resistance
Magical devices
 r - a wand of flame (20)
 C - a wand of digging (10)
 D - a wand of disintegration (6) {unknown}
Comestibles
 d - 2 bread rations
 i - 2 rotting chunks of giant frog flesh
 n - 3 meat rations
Scrolls
 g - a scroll of teleportation {unknown}
 l - 2 scrolls of identify {unknown}
 m - a scroll of blinking {unknown}
 q - 4 scrolls of remove curse
 v - a scroll of fog {unknown}
 y - 2 scrolls of noise {unknown}
 A - a scroll of enchant weapon {unknown}
Jewellery
 p - a ring of sustain abilities (left hand)
 w - an uncursed ring of ice
Potions
 b - 5 potions of haste {unknown}
 f - a potion of mutation {unknown}
 h - a potion of agility {unknown}
 k - a potion of paralysis {unknown}
 o - 5 potions of curing
 t - 4 potions of cure mutation {unknown}
 u - 6 potions of heal wounds {unknown}
 x - 4 potions of berserk rage {unknown}
 z - a potion of lignification {unknown}


   Skills:
 - Level 5.0 Fighting
 + Level 10.8 Polearms
 - Level 2.1 Armour
 + Level 5.0 Dodging
 - Level 3.0 Shields
 - Level 6.5 Invocations


You had 7 spell levels left.
You didn't know any spells.

Dungeon Overview and Level Annotations

Branches:
Dungeon (7/15)             Temple (0/1) D:4

Altars:
Cheibriados
Sif Muna

Shops:
D:5 (

Annotations:
D:7 Menkaure


Message History

You block Menkaure's attack.
You hit Menkaure but do no damage.
Menkaure is lightly damaged.
You hit Menkaure but do no damage.
Menkaure is lightly damaged.
You block Menkaure's attack.
You hit Menkaure.
Menkaure is lightly damaged.
You hit Menkaure but do no damage.
Menkaure is lightly damaged.
You barely miss Menkaure.
Menkaure is lightly damaged.
Menkaure sighs in an indecipherable tongue.
You block Menkaure's attack.
You hit Menkaure.
Menkaure is moderately damaged.
You hit Menkaure but do no damage.
Menkaure is moderately damaged.
Menkaure hits you!!
You die...

########.#
#..@M....#
#.#####..#
#.# #.# #.#
##########.##
#...).......#
#.########.##
#.# ###


You could see Menkaure.

Vanquished Creatures
  Joseph (D:7)
  A hippogriff (D:7)
  Edmund (D:5)
  An ogre (D:6)
  An ice beast (D:5)
  A crocodile (Sewer)
  A giant frog (D:7)
  2 water moccasin zombies (Ossuary)
  A scorpion (D:4)
  A goliath beetle (D:7)
  An iguana (D:5)
  2 crimson imps (D:5)
  A giant frog skeleton (D:4)
  2 orc wizards (D:7)
  3 big kobold zombies (Ossuary)
  2 mummies (Ossuary)
  4 adders
  3 gnolls (D:2)
  A worker ant zombie (D:4)
  2 giant mites (D:5)
  A worm (D:5)
  4 adder zombies
  2 giant geckos (D:5)
  An ooze (D:3)
  3 orcs
  A ball python (D:5)
  12 bats
  3 gnoll zombies (Ossuary)
  8 hobgoblins
  4 jackals (D:4)
  4 kobolds
  3 quokkas
  7 giant cockroaches
  A giant mite zombie (D:4)
  A giant newt (D:5)
  7 goblins
  A goblin skeleton (D:4)
  2 hobgoblin skeletons (D:4)
  4 hobgoblin zombies (Ossuary)
  9 kobold zombies
  4 orc zombies (Ossuary)
  7 rats
  A rat zombie (D:4)
122 creatures vanquished.

Notes
Turn   | Place    | Note
--------------------------------------------------------------
     0 | D:1      | Money, the Merfolk Fighter, began the quest for the Orb.
     0 | D:1      | Reached XP level 1. HP: 18/18 MP: 1/1
   207 | D:1      | Reached XP level 2. HP: 21/24 MP: 2/2
   224 | D:1      | Reached skill level 4 in Polearms
   324 | D:2      | Reached XP level 3. HP: 16/30 MP: 3/3
   408 | D:2      | Reached skill level 5 in Polearms
   414 | D:2      | Reached XP level 4. HP: 8/37 MP: 4/4
   541 | D:2      | Found a deep blue altar of Sif Muna.
   543 | D:2      | Found a snail-covered altar of Cheibriados.
   547 | D:2      | Became a worshipper of Cheibriados the Contemplative
   728 | D:4      | Reached skill level 6 in Polearms
   728 | D:4      | Reached skill level 1 in Dodging
   728 | D:4      | Reached XP level 5. HP: 26/42 MP: 5/5
   773 | D:4      | Found a staircase to the Ecumenical Temple.
   931 | D:4      | Found a sand-covered staircase.
   966 | Ossuary  | Entered an ossuary
  1001 | Ossuary  | Reached skill level 7 in Polearms
  1001 | Ossuary  | Reached XP level 6. HP: 9/49 MP: 6/6
  1168 | Ossuary  | Reached skill level 8 in Polearms
  1218 | Ossuary  | Reached skill level 5 in Fighting
  1334 | D:5      | Entered Level 5 of the Dungeon
  1396 | D:5      | Reached skill level 1 in Invocations
  1414 | D:5      | Reached XP level 7. HP: 34/56 MP: 8/8
  1495 | D:5      | Found Kezerhyv's Antique Weapon Boutique.
  1529 | D:5      | Noticed Edmund
  1551 | D:5      | Killed Edmund
  1551 | D:5      | Reached skill level 9 in Polearms
  1759 | D:5      | Found a glowing drain.
  1777 | Sewer    | Entered a sewer
  1797 | Sewer    | Acquired Cheibriados' first power
  1923 | Sewer    | Reached skill level 5 in Invocations
  1923 | Sewer    | Reached XP level 8. HP: 34/62 MP: 15/15
  2253 | D:7      | Noticed Joseph
  2289 | D:7      | Killed Joseph
  2289 | D:7      | Reached skill level 10 in Polearms
  2314 | D:7      | Reached skill level 5 in Dodging
  2395 | D:7      | Noticed Menkaure
  2409 | D:7      | Slain by Menkaure

Action                   |  1- 3 |  4- 6 |  7- 9 || total
-------------------------+-------+-------+-------++-------
Melee: Trident           |    97 |   306 |   200 ||   603
Throw: Javelin           |       |       |     2 ||     2
Invok: Bend Time         |       |       |     7 ||     7
Evoke: Wand              |       |       |     3 ||     3
  Use: Potion            |       |     1 |     1 ||     2
       Scroll            |       |     1 |       ||     1
